Map: Ulrena

Players

LilDicky - Winner!

  • Race: Terran Terran
  • League: Diamond

Escher

  • Race: Protoss Protoss
  • League: Diamond

VOD

http://www.twitch.tv/tumescentpie

Description

Time

  • Played on: Dec. 12, 2015, 9:31 p.m.
  • Length: 6:00
Show
View Real Time Build Order
Export as new Build Order

LilDicky Terran - Winner!

Build Orders: MMM Bio 

Get SALT Encoding   

  12  0:02  SCV  
  13  0:14  SCV  
  14  0:18  Supply Depot  
  14  0:26  SCV  
  15  0:31  Refinery  
  15  0:39  SCV  
  16  0:53  Barracks  
  16  0:54  SCV  
  17  1:06  SCV  
  18  1:20  SCV  
  19  1:32  SCV  
  20  1:39  Marine  
  21  1:42  Factory  
  21  1:43  Supply Depot  
  21  1:46  Orbital Command  
  21  1:59  Marine  
  22  2:10  Barracks  
  22  2:13  Barracks  
  22  2:19  Refinery  
  22  2:33  SCV  
  23  2:41  Barracks Reactor  
  23  2:47  SCV  
  23  2:50  Supply Depot  
  24  2:59  SCV  
  24  3:00  Barracks Tech Lab x2  
  24  3:02  Widow Mine  
  27  3:11  SCV  
  27  3:15  Supply Depot  
  27  3:19  Stimpack  
  27  3:20  Combat Shields  
  27  3:21  Marine x2  
  27  3:23  SCV  
  27  3:24  Marine  
  27  3:26  Marine  
  32  3:31  Widow Mine  
  34  3:44  Marine  
  34  3:45  Marauder x2  
  38  3:56  SCV, Marine  
  38  4:02  Starport, Marine  
  40  4:04  Supply Depot  
  41  4:25  Marauder x2, Marine x2  
  41  4:27  SCV  
  41  4:30  Supply Depot  
  46  4:43  Marine, Widow Mine  
  49  4:54  Marine  
  49  4:55  Marauder x2  
  49  4:56  Medivac  
  56  5:01  Marine  
  56  5:04  Supply Depot  
  57  5:19  Marine x2, Marauder x2  
  61  5:26  Medivac  
  63  5:37  Marine  
Show
View Real Time Build Order
Export as new Build Order

Escher Protoss 

Build Orders:  

Get SALT Encoding   

  12  0:01  Probe (Chrono Boost)  
  13  0:12  Probe (Chrono Boost)  
  14  0:20  Pylon  
  14  0:24  Probe (Chrono Boost)  
  15  0:38  Probe (Chrono Boost)  
  15  0:40  Gateway  
  16  0:49  Probe (Chrono Boost)  
  17  0:53  Assimilator  
  17  0:57  Assimilator  
  17  1:03  Probe (Chrono Boost)  
  18  1:14  Probe (Chrono Boost)  
  19  1:24  Probe (Chrono Boost)  
  20  1:36  Probe (Chrono Boost)  
  21  1:47  Probe (Chrono Boost)  
  22  1:48  Cybernetics Core  
  22  1:55  Nexus  
  21  2:02  Pylon  
  21  2:06  Probe (Chrono Boost)  
  22  2:17  Probe (Chrono Boost)  
  23  2:28  Warp Gate  
  23  2:29  Probe  
  26  2:31  Adept (Chrono Boost)  
  26  2:41  Mothership Core  
  28  3:02  Probe  
  29  3:10  Probe  
  30  3:14  Probe  
  31  3:20  Probe  
  31  3:24  Gateway  
  31  3:26  Probe  
  33  3:29  Gateway  
  33  3:31  Probe  
  34  3:38  Probe  
  35  3:41  Probe  
  30  3:50  Probe  
  30  3:52  Probe  
  30  3:56  Robotics Facility  
  30  4:02  Probe  
  30  4:03  Probe  
  32  4:15  Probe  
  32  4:17  Probe  
  31  4:27  Probe (Chrono Boost)  
  31  4:28  Probe (Chrono Boost)  
  34  4:38  Probe (Chrono Boost)  
  34  4:41  Probe (Chrono Boost)  
  35  4:49  Probe (Chrono Boost)  
  35  4:51  Probe (Chrono Boost)  
  37  4:55  Observer (Chrono Boost)  
  37  4:59  Probe  
  37  5:00  Stalker x3  
  37  5:01  Probe  
  37  5:04  Pylon  
  37  5:07  Pylon  
  44  5:11  Probe x2  
  42  5:22  Probe  
  42  5:24  Probe  
  44  5:30  Assimilator  
  44  5:32  Probe, Assimilator  
  45  5:36  Probe  
  45  5:37  Pylon  
  45  5:39  Pylon  
  45  5:41  Gateway  
  46  5:44  Gateway  
  37  5:50  Forge  
  37  5:55  Forge  
Tags
 
Add a new tag
Caveats
  • Supply blocks, unpowered buildings, or Contaminate may cause inaccurate times.
  • Supply counts are checked every 10 seconds.